 Dungeon Crawl Stone Soup version 0.28-a0-883-gc8d7bad45d (webtiles) character file.

Game seed: 6489383363003949837

89 orbtoucher the Grave Robber (level 4, -2/36 HPs)
             Began as a Ghoul Necromancer on Nov 21, 2021.
             Killed from afar by an orc wizard (11 damage)
             ... with a puff of flame
             ... on level 3 of the Dungeon.
             The game lasted 00:15:29 (3464 turns).

orbtoucher the Grave Robber (Ghoul Necromancer)     Turns: 3464, Time: 00:15:30

Health: -2/36      AC:  5    Str:  9 (11) XL:     4   Next: 55%
Magic:  3/6        EV: 10    Int:  9 (11) God:
Gold:   54         SH:  0    Dex:  6 (9)  Spells: 2/7 levels left

rFire   . . .      SeeInvis .   (no weapon)
rCold   + . .      Faith    .   (no shield)
rNeg    + + +      Spirit   .   c - +0 ring mail
rPois   ∞          Reflect  .   (no helmet)
rElec   .          Harm     .   (no cloak)
rCorr   .          Rampage  .   (no gloves)
Will    .....                   (no boots)
Stlth   +.........              (no amulet)
HPRegen 0.00/turn               (no ring)
MPRegen 0.10/turn               (no ring)

@: inhibited regen
A: claws 1, cold resistance 1, negative energy resistance 3, inhibited
regeneration, torment resistance 2
a: no special abilities


You were on level 3 of the Dungeon.
You visited 1 branch of the dungeon, and saw 3 of its levels.

You collected 54 gold pieces.

Inventory:

Hand Weapons
 f - a +0 dagger
 p - a +0 rapier
Missiles
 b - 88 stones (quivered)
 j - 19 poisoned darts
 k - 39 sling bullets
 q - a boomerang
Armour
 a - a +0 robe of resistance
 c - a +0 ring mail (worn)
Jewellery
 l - a ring of flight
Scrolls
 e - a scroll of noise {unknown}
 h - a scroll of identify {unknown}
 n - a scroll of fear {unknown}
 o - a scroll of teleportation {unknown}
Potions
 i - a potion of flight {unknown}
 m - a potion of haste {unknown}


   Skills:
 + Level 1.9 Fighting
 - Level 2.0 Dodging
 - Level 2.1 Stealth
 + Level 2.4 Spellcasting
 * Level 4.9 Necromancy


You had 2 spell levels left.
You knew the following spells:

 Your Spells              Type           Power      Damage    Failure   Level
a - Pain                  Necr           40%        1d6       12%         1
d - Vampiric Draining     Necr           10%        2d6       34%         3
k - Animate Skeleton      Necr           20%        N/A       12%         1

Your spell library contained the following spells:

 Spells                   Type           Power      Damage    Failure   Level
 Summon Small Mammal      Summ           4%         N/A       65%         1
 Ensorcelled Hibernation  Hex/Ice        2%         N/A       80%         2
 Animate Dead             Necr           5%         N/A       75%         4
 Call Canine Familiar     Summ           1%         N/A       95%         3
 Summon Guardian Golem    Hex/Summ       1%         N/A       95%         3
 Agony                    Necr           10%        N/A       97%         5
 Spider Form              Tmut/Pois      Unusable   N/A       N/A         3

Dungeon Overview and Level Annotations

Branches:
Dungeon (3/15)

Altars:


Innate Abilities, Weirdness & Mutations

You thrive by killing the living.
You are immune to poison.
You have sharp fingernails.
Your flesh is cold resistant. (rC+)
You are immune to negative energy. (rN+++)
You do not regenerate when monsters are visible.
You are immune to unholy pain and torment.


Message History

You hear some strange, mumbled words.
Something tries to affect you, but you resist.
You closely miss something.
The orc throws a stone.
The stone hits you. Something hits you.
You closely miss something.
The orc throws a stone.
The stone closely misses you. Something hits you but does no damage.
You closely miss something. Something hits you.
You miss something.
The orc throws a stone.
The stone closely misses you. Something hits you but does no damage.
You scratch something.
The orc throws a stone.
The stone hits you. Something hits you but does no damage.
You barely miss something. Something hits you but does no damage.
You completely miss something.
You hear some strange, mumbled words.
A puff of flame appears from out of thin air!
The puff of flame hits you.
You miss something.
The orc throws a stone.
Something hits you but does no damage.
You closely miss something. Something hits you.
You scratch something.
The orc throws a stone.
Something hits you but does no damage.
You barely miss something. Something hits you.
You scratch something but do no damage. Something hits you.
You scratch something.
The orc throws a stone.
The stone hits you. Something hits you.
* * * LOW HITPOINT WARNING * * *
You closely miss something. Something hits you.
* * * LOW HITPOINT WARNING * * *
You scratch something but do no damage. Something hits you but does no damage.
It was a potion of lignification.
You feel woody for a moment.
You hear some strange, mumbled words.
Something tries to affect you, but you resist.
It was a potion of degeneration.
There was something very wrong with that liquid.
You feel weakened.
You feel dopey.
You feel clumsy.
The orc throws a stone.
You hear some strange, mumbled words.
A puff of flame appears from out of thin air!
The puff of flame hits you!
You die...

#.# ####### #.#
....... #.#
....... #.#####
..)....##.#...
..........#.#####
########.........
#.....##########
#...<.o{@......#
#...).########.#
#.....# #.....#
##÷##.# #.#####
#.##.# #.#
#.##.####.###
...........>#
...##.####.#.#
.#####.. ...#.#


You could see an orc.

Vanquished Creatures
  2 adders (D:2)
  A worm (D:2)
  4 dart slugs
  4 orcs
  2 bats
  7 endoplasms
  2 giant cockroaches
  5 goblins
  4 hobgoblins
  7 jackals (D:1)
  A quokka (D:2)
  4 ball pythons
  3 frilled lizards (D:1)
  4 kobolds
  A rat (D:2)
51 creatures vanquished.

Vanquished Creatures (others)
  3 fungi (D:3)
  6 plants (D:3)
9 creatures vanquished.

Grand Total: 60 creatures vanquished

Notes
Turn   | Place    | Note
-------+----------+-------------------------------------------
     0 | D:1      | orbtoucher the Ghoul Necromancer began the quest for the
                  | Orb.
     0 | D:1      | Reached XP level 1. HP: 14/14 MP: 2/2
   208 | D:1      | Learned a level 1 spell: Animate Skeleton
   280 | D:1      | Reached XP level 2. HP: 22/22 MP: 1/3
   784 | D:1      | Reached skill level 1 in Fighting
   897 | D:1      | Reached XP level 3. HP: 23/28 MP: 0/5
  1166 | D:1      | Learned a level 3 spell: Vampiric Draining
  2097 | D:2      | Reached XP level 4. HP: 35/35 MP: 6/6
  3464 | D:3      | Killed from afar by an orc wizard

Illustrated notes

Levels and vault maps discovered:
D:1:      minmay_arrival_shattered_statue, layout_basic
D:2:      layout_loops_ring, corexii_leaking_fountain,
          nicolae_concentric_dashed_squares_mild
D:3:      lemuel_castle_with_subvaults [lemuel_castle_interior_original],
          layout_basic, shapermc_ecumenical_altar_mp_urbaneastern,
          minmay_mini_jars

Skill      XL: |  1  2 |
---------------+-------+-----
Dodging        | 2 |  2.0
Spellcasting   | 2 |  2.4
Fighting       | 1 |  1.9
Stealth        | |  2.1
Necromancy     | |  4.9

Action                   |  1- 3 |  4- 6 || total
-------------------------+-------+-------++-------
Melee: Unarmed           |   121 |    51 ||   172
Throw: Dart              |       |     5 ||     5
 Cast: Pain              |    37 |    31 ||    68
  Use: Potion            |       |     2 ||     2
Armor: Robe              |     1 |       ||     1
       Ring mail         |    38 |    16 ||    54
Dodge: Dodged            |    79 |    20 ||    99

Table legend: (Time is in decaauts)
 A = Elapsed time spent in this place.
 B = Non-inter-level travel time spent in this place.
 C = Inter-level travel time spent in this place.
 D = Time resting spent in this place.
 E = Time spent auto-exploring this place.
 F = Levels seen in this place.
 G = Mean time per level.
                   A        B        C        D        E       F      G
               +--------+--------+--------+--------+--------+-----+--------+
         Total |   3464 |   3332 |    132 |   1337 |   1218 |   3 | 1154.7 |
       Dungeon |   3464 |   3332 |    132 |   1337 |   1218 |   3 | 1154.7 |
               +--------+--------+--------+--------+--------+-----+--------+

Top non-repeatable levels by time:
     D:2: 1578 daAuts
     D:1: 1572 daAuts
     D:3: 313 daAuts
